 Dungeon Crawl Stone Soup version 0.29.1-15-g9cfb28693d (webtiles) character file.

Game seed: 2987923679845510741

175 leafyfresh the Sneak (level 5, -13/37 HPs)
             Began as an Octopode Delver on Mar 6, 2023.
             Killed by divine providence
             ... invoked by an orc priest
              (14 damage)
             ... on level 5 of the Dungeon.
             The game lasted 00:01:39 (651 turns).

leafyfresh the Sneak (Octopode Delver)               Turns: 651, Time: 00:01:40

Health: -13/37     AC:  1    Str: 12    XL:     5   Next: 55%
Magic:  5/5        EV: 14    Int: 14    God:
Gold:   14         SH:  0    Dex: 13    Spells: 4/4 levels left

rFire   . . .      SeeInvis .   a - +0 short sword
rCold   . . .      Faith    .   (no shield)
rNeg    . . .      Spirit   .   (helmet restricted)
rPois   .          Reflect  .   (no amulet)
rElec   .          Harm     .   (no ring)
rCorr   .          Rampage  .   (no ring)
Will    .....                   (no ring)
Stlth   +++.......              (no ring)
HPRegen 0.12/turn               (no ring)
MPRegen 0.09/turn               (no ring)
                                (no ring)
                                (no ring)

@: confused
A: almost no armour, amphibious, 8 rings, camouflage 1, gelatinous body 1,
(nimble swimmer 1), tentacles
a: no special abilities


You were on level 5 of the Dungeon.
You visited 1 branch of the dungeon, and saw 1 of its levels.

You collected 14 gold pieces.

Inventory:

Hand Weapons
 a - a +0 short sword (weapon)
Jewellery
 h - an amulet of the acrobat
Wands
 f - a wand of digging (3)
Scrolls
 b - 2 scrolls of fog
 c - a scroll of magic mapping
 d - a scroll of fear
 g - a scroll of blinking {unknown}
Potions
 e - a potion of haste


   Skills:
 + Level 4.1 Fighting
 - Level 2.4 Short Blades
 + Level 3.4 Dodging
 + Level 7.8 Stealth


You had 4 spell levels left.
You didn't know any spells.
Your spell library was empty.

Dungeon Overview and Level Annotations

Branches:
Dungeon (5/15)
 Temple: D:4-7

Altars:


Innate Abilities, Weirdness & Mutations

You cannot wear most types of armour.
You are amphibious.
You can wear up to eight rings at the same time.
Your skin changes colour to match your surroundings (Stealth+).
Your rubbery body absorbs attacks. (AC +1, EV +1)
((You are camouflaged when in or above water. (Stealth+)))
You have tentacles for arms and can constrict up to eight enemies at once.


Message History

The orc wizard is moderately wounded.
You constrict the orc wizard, but do no damage.
The orc wizard casts a spell at you. You resist with some effort.
You hit the orc wizard but do no damage.
The orc wizard is moderately wounded.
You constrict the orc wizard, but do no damage.
The orc wizard points at you and mumbles some strange words.
The magic dart hits you.
You hit the orc wizard.
The orc wizard is heavily wounded.
You constrict the orc wizard. The orc wizard barely misses you.
You hit the orc wizard but do no damage.
The orc wizard is heavily wounded.
You constrict the orc wizard.
The orc wizard gestures at you while chanting.
You are confused.
You bump into the rock wall.
You constrict the orc wizard.
The orc wizard struggles to escape constriction.
You hit the orc wizard. You squeeze the orc wizard.
You kill the orc wizard!
You bump into the rock wall.
The orc misses you.
You hit the orc. Your squeeze misses the orc.
The orc is lightly wounded.
The orc hits you with a +0 dagger.
The orc priest calls down the wrath of Beogh upon you.
Beogh smites you!
* * * LOW HITPOINT WARNING * * *
You hit the orc. Your squeeze misses the orc.
The orc is almost dead.
The orc priest hits you with a +0 war axe.
* * * LOW HITPOINT WARNING * * *
The orc hits you with a +0 dagger.
* * * LOW HITPOINT WARNING * * *
You hit the orc priest but do no damage.
You hear a shout!
The orc barely misses you.
The orc priest calls down the wrath of Beogh upon you.
Beogh smites you!
You die...

..># #.# ### ...# #.. ..# .###
#..###+####..# ...#######
#.#8...#..8#.# ##....<...
#.#...#....#.# ...######.
#.#....#...#.# .###
#.).#.#!#.##.####### .#
#.##o#[#.#.'.......# .#
#oo#@o.#....#.....#.# ###
....#....#...#..##.#.# ..#
###..#8..#...8#..##.#(# #.#
##..####+###.......## #.# #..
.............. #.# #..#
#.#.####.#.... #.############.(#
#.#........... #...........##..#
#.###.##.#.#..
#...#.#.#.#..#..####†###.###.....


You could see an orc priest and an orc.

Vanquished Creatures
  A necrophage (D:5)
  A howler monkey (D:5)
  A hound (D:5)
  An orc wizard (D:5)
  2 adders (D:5)
  An orc (D:5)
7 creatures vanquished.

Notes
Turn   | Place    | Note
-------+----------+-------------------------------------------
     0 | D:5      | leafyfresh the Octopode Delver began the quest for the Orb.
     0 | D:5      | Reached XP level 1. HP: 16/16 MP: 1/1
    18 | D:5      | Noticed a hound
    26 | D:5      | Killed a hound
    27 | D:5      | Reached XP level 2. HP: 12/21 MP: 2/2
    27 | D:5      | Reached XP level 3. HP: 15/26 MP: 3/3
   168 | D:5      | Reached skill level 7 in Stealth
   168 | D:5      | Reached XP level 4. HP: 32/32 MP: 4/4
   553 | D:5      | Noticed a necrophage
   558 | D:5      | Killed a necrophage
   559 | D:5      | Reached XP level 5. HP: 33/37 MP: 5/5
   650 | D:5      | HP: 1/37 [orc/+0 dagger (1)]
   651 | D:5      | Killed from afar by an orc priest

Illustrated notes

Levels and vault maps discovered:
D:5:      layout_loops_ring, lemuel_doored_altar, serial_glass, glass_columns_c,
          glass_columns_a, glass_columns_a, glass_columns_c,
          roderic_serpentine_path, hangedman_decor_slide_cut, minivault_1,
          nrook_mini_backslash, uniq_menkaure

Skill      XL: |  1  2  3  4 |
---------------+-------------+-----
Stealth        | 7 |  7.8
Fighting       | 4 |  4.1
Dodging        | 3 |  3.4
Short Blades   | |  2.4

Action                   |  1- 3 |  4- 6 || total
-------------------------+-------+-------++-------
Melee: Short sword       |     7 |    19 ||    26
       Constrict         |     1 |     3 ||     4
       Punch             |     1 |     1 ||     2
       Tentacles         |       |     4 ||     4
 Stab: Sleeping          |     1 |     3 ||     4
Dodge: Dodged            |     6 |     6 ||    12
